 Dungeon Crawl Stone Soup version 0.27.0-1-g7a089689b8 (webtiles) character file.

Game seed: 11764015342759898181

428 inmateoo the Chopper (level 6, 0/56 HPs)
             Began as a Minotaur Fighter on Aug 8, 2021.
             Slain by a centaur (1 damage)
             ... on level 6 of the Dungeon.
             The game lasted 00:01:48 (2022 turns).

inmateoo the Chopper (Minotaur Fighter)             Turns: 2022, Time: 00:01:48

Health: 0/56       AC:  9    Str: 21    XL:     6   Next: 65%
Magic:  5/5        EV:  6    Int:  5    God:
Gold:   183        SH: 10    Dex: 11    Spells: 5/5 levels left

rFire    . . .     SeeInvis .   a - +0 war axe
rCold    . . .     Faith    .   c - +0 kite shield
rNeg     . . .     Spirit   .   l - +0 chain mail
rPois    .         Reflect  .   (helmet restricted)
rElec    .         Harm     .   (no cloak)
rCorr    .         Rampage  .   (no gloves)
Will     .....                  (no boots)
Stlth    ..........             (no amulet)
HPRegen  0.18/turn              (no ring)
MPRegen  0.09/turn              (no ring)

@: flying
A: horns 2, retaliatory headbutt
a: no special abilities


You were on level 6 of the Dungeon.
You visited 1 branch of the dungeon, and saw 4 of its levels.

You collected 183 gold pieces.

Inventory:

Hand Weapons
 a - a +0 war axe (weapon)
Missiles
 b - 7 boomerangs (quivered)
Armour
 c - a +0 kite shield (worn)
 l - a +0 chain mail (worn)
Wands
 k - a wand of flame (17)
Scrolls
 e - a scroll of identify {unknown}
 f - a scroll of noise {unknown}
 g - a scroll of amnesia {unknown}
 h - a scroll of enchant weapon {unknown}
 i - a scroll of vulnerability {unknown}


   Skills:
 + Level 5.0 Fighting
 * Level 5.3 Axes
 + Level 4.9 Armour
 + Level 2.7 Dodging
 + Level 5.0 Shields


You had 5 spell levels left.
You didn't know any spells.
Your spell library was empty.

Dungeon Overview and Level Annotations

Branches:
Dungeon (3/15)

Altars:

Shops:
D:2 :


Innate Abilities, Weirdness & Mutations

You have a pair of horns on your head.
You reflexively headbutt those who attack you in melee.


Message History

Your Fighting skill increases to level 5!
Your Shields skill increases to level 5!
You hit the centaur but do no damage. You hit the gnoll sergeant.
You barely miss the centaur.
The centaur hits you but does no damage.
The centaur kicks you. You block the gnoll sergeant's attack.
The centaur hits you. The centaur closely misses you.
The gnoll hits you but does no damage. The centaur hits you.
You block the centaur's attack.
The gnoll sergeant hits you with a +0 spear.
* * * LOW HITPOINT WARNING * * *
The gnoll hits you but does no damage.
The centaur hits you but does no damage.
The centaur kicks you but does no damage.
You hit the centaur but do no damage.
You headbutt the centaur, but do no damage.
You hit the gnoll sergeant. You barely miss the centaur.
You block the centaur's attack. x2
The gnoll sergeant hits you with a +0 spear.
* * * LOW HITPOINT WARNING * * *
The centaur hits you but does no damage.
The centaur kicks you but does no damage.
You block the centaur's attack.
The centaur kicks you but does no damage.
The gnoll sergeant hits you with a +0 spear!
* * * LOW HITPOINT WARNING * * *
The gnoll hits you but does no damage.
The centaur hits you but does no damage.
The centaur kicks you but does no damage.
Unknown command.
It was a potion of flight.
You feel very buoyant.
You fly up into the air.
The centaur hits you but does no damage.
You block the centaur's attack. The gnoll sergeant closely misses you.
You furiously retaliate!
You headbutt the gnoll sergeant. The centaur hits you.
* * * LOW HITPOINT WARNING * * *
The centaur kicks you but does no damage.
You block the gnoll's attack. The centaur hits you.
You die...

#..#..).#
#..#))).#
#..#.)..# ♣P
#..#....#♣P♣
#..#...(#PPP
#.)')..(#....
#..gg...#....
#..#gc..#♣PP.
#)†#@c..# ♣..
#Kg#.(..# P.
#g'######
#.c. #..g.
#g...c
#...$.O
#(......
#.....$g.


You could see a gnoll sergeant (fast), 2 centaurs, a gnoll shaman and a gnoll.

Vanquished Creatures
  An ogre (D:6)
  A kobold brigand (D:6)
  A gnoll sergeant (D:6)
  2 orc priests
  A gnoll shaman (D:6)
  3 gnolls (D:6)
  4 adders (D:2)
  A dart slug (D:2)
  3 orcs (D:3)
  7 endoplasms
  A giant cockroach (D:1)
  8 goblins
  6 hobgoblins
  4 jackals (D:2)
  9 kobolds
  A quokka (D:3)
  2 ball pythons
  5 bats
  2 frilled lizards
  A rat (D:1)
63 creatures vanquished.

Notes
Turn   | Place    | Note
-------+----------+-------------------------------------------
     0 | D:1      | inmateoo the Minotaur Fighter began the quest for the Orb.
     0 | D:1      | Reached XP level 1. HP: 19/19 MP: 0/0
   236 | D:1      | Reached XP level 2. HP: 14/27 MP: 1/1
   843 | D:2      | Reached skill level 1 in Dodging
   845 | D:2      | Reached XP level 3. HP: 30/33 MP: 2/2
  1105 | D:2      | Found Ylunoti's Book Shop.
  1111 | D:2      | Reached XP level 4. HP: 40/40 MP: 3/3
  1690 | D:3      | You fall into a shaft and drop 3 floors!
  1690 | D:6      | Noticed a kobold brigand
  1693 | D:6      | Noticed a gnoll sergeant
  1694 | D:6      | Reached XP level 5. HP: 47/47 MP: 4/4
  1702 | D:6      | Reached skill level 5 in Axes
  1702 | D:6      | Reached XP level 6. HP: 9/55 MP: 5/5
  2020 | D:6      | Reached skill level 5 in Fighting
  2020 | D:6      | Reached skill level 5 in Shields
  2022 | D:6      | HP: 1/56 [centaur (4)]
  2022 | D:6      | Slain by a centaur

Illustrated notes

Levels and vault maps discovered:
D:1:      ncdulo_wetmaze, layout_loops_ring, roderic_roman_lattice, st_stairs_4,
          minmay_misc_feat_five
D:2:      layout_rooms, serial_shops, nicolae_shop_trees
D:3:      layout_loops_ring, serial_shops, shop, basic_ecumenical_altar,
          grunt_ministairs_9
D:6:      kennysheep_housing_project, layout_basic, nemelex_altar_shiori,
          minmay_temple_entry_hall, ebering_ghost_sewer_f, hex_large

Skill      XL: |  1  2  3  4  5  6 |
---------------+-------------------+-----
Axes           | 3 4 5 |  5.3
Dodging        | 1 2 |  2.7
Fighting       | 4 5 |  5.0
Armour         | 4 |  4.9
Shields        | 4 5 |  5.0

Action                   |  1- 3 |  4- 6 || total
-------------------------+-------+-------++-------
Melee: War axe           |    71 |    56 ||   127
       Headbutt          |    17 |    10 ||    27
  Use: Potion            |       |     2 ||     2
Armor: Scale mail        |    28 |       ||    28
       Chain mail        |       |    47 ||    47
Dodge: Dodged            |    22 |    26 ||    48
Block: Kite shield       |    42 |    57 ||    99
